 Dungeon Crawl Stone Soup version 0.30-a0-802-gb92711bcdf (webtiles) character file.

Game seed: 6550402024645213784

5490 hellse the Destroyer (level 10, 58/58 HPs)
             Began as a Deep Elf Conjurer on Jan 15, 2023.
             Quit the game on level 8 of the Dungeon on Feb 24, 2023.
             The game lasted 00:18:06 (11384 turns).

hellse the Destroyer (Deep Elf Conjurer)           Turns: 11384, Time: 00:18:07

Health: 58/58      AC:  5    Str:  4    XL:     10   Next: 42%
Magic:  26/26      EV: 13    Int: 28    God:
Gold:   470        SH:  0    Dex: 19    Spells: 23/30 levels left

rFire   . . .      SeeInvis +    c - staff of conjuration
rCold   + . .      Faith    +    (no shield)
rNeg    . . .      Spirit   .    H - +1 robe {rC+}
rPois   .          Reflect  .    s - +0 helmet
rElec   .          Harm     .    (no cloak)
rCorr   .          Rampage  .    h - +0 pair of gloves
Will    +....                    (no boots)
Stlth   ++                       o - amulet of faith
HPRegen 0.29/turn                F - +6 ring of dexterity
MPRegen 0.20/turn                L - ring of see invisible

@: studying Long Blades
A: no striking features
a: no special abilities


You were on level 8 of the Dungeon.
You visited 2 branches of the dungeon, and saw 10 of its levels.
You also visited: Ossuary.

You collected 470 gold pieces.

Inventory:

Hand Weapons
 i - a +0 spear
 n - a +2 whip of venom
 B - a +4 spear of freezing
 G - a +2 scimitar of flaming
Armour
 a - a +0 robe
 h - a +0 pair of gloves (worn)
 q - a +0 ring mail of poison resistance
 s - a +0 helmet (worn)
 H - a +1 robe of cold resistance (worn)
 K - +0 steam dragon scales
Magical Staves
 c - a staff of conjuration (weapon)
 J - a staff of air
Jewellery
 o - an amulet of faith (around neck)
 F - a +6 ring of dexterity (left hand)
 L - a ring of see invisible (right hand)
Wands
 t - a wand of flame (18)
 E - a wand of digging (12)
Scrolls
 f - a scroll of vulnerability
 j - 5 scrolls of teleportation
 l - 2 scrolls of summoning
 m - a scroll of enchant armour
 p - 2 scrolls of fear
 x - a scroll of silence
 y - a scroll of brand weapon
 A - 2 scrolls of torment
 I - a scroll of identify
 M - a scroll of poison {unknown}
Potions
 b - 2 potions of magic
 d - 3 potions of degeneration {unknown}
 e - 4 potions of attraction {unknown}
 g - 4 potions of brilliance {unknown}
 k - 4 potions of heal wounds {unknown}
 r - 2 potions of haste {unknown}
 u - a potion of mutation {unknown}
 v - 5 potions of curing
 w - 2 potions of lignification {unknown}
 z - a potion of resistance {unknown}
 C - 2 potions of invisibility {unknown}
Miscellaneous
 D - a piece from Xom's chessboard (15/15)


   Skills:
 + Level 4.4 Fighting
 - Level 3.2 Dodging
 - Level 2.4 Stealth
 - Level 10.7 Spellcasting
 - Level 13.5 Conjurations
 - Level 2.8 Translocations


You had 23 spell levels left.
You knew the following spells:

 Your Spells              Type           Power      Damage    Failure   Level
a - Magic Dart            Conj           100%       1d8       0%          1
b - Searing Ray           Conj           100%       2d8       1%          2
c - Iskenderun's Mystic   Conj/Tloc      74%        2d15      1%          4

Your spell library contained the following spells:

 Spells                   Type           Power      Damage    Failure   Level
 Dazzling Flash           Conj/Hex       100%       N/A       1%          3
 Fulminant Prism          Conj/Hex       34%        3d15      2%          4


Dungeon Overview and Level Annotations

Branches:
Dungeon (9/15)             Temple (1/1) D:4         Ossuary (visited)
   Lair: D:8-11         Orc: D:9-12

Altars:
Ashenzari
Cheibriados
Dithmenos
Elyvilon
Fedhas
Gozag
Hepliaklqana
Makhleb
Nemelex Xobeh
Okawaru
Qazlal
Ru
Trog
Uskayaw
Xom
Yredelemnul
Zin
The Shining One


Message History

There is an open door here.
There is an open door, spattered with blood here.
There is an open door, spattered with blood here.
You open the door.
There is an open door here.
You open the door.
There is an open door here.
As you open the door, it creaks loudly!
There is an open door here.
You open the door.
There is an open door here.
You open the door.
There is an open door here.
Found a dagger.
You open the door.
Found a ring mail.
There is an open door here.
You open the door.
Found 6 stones.
There is an open door here.
Found a stone staircase leading up.
You open the door.
There is a stone staircase leading up here.
g - 4 fizzy sapphire potions (gained 1)
Found a stone staircase leading down.
You open the door.
There is an open door here.
You open the door.
There is an open door here.
Done exploring.
Done exploring.
Done exploring.
Done exploring.
Done exploring.
Search for what [Enter for "."]? .
Save game and exit?
Welcome back, hellse the Deep Elf Conjurer.
Press ? for a list of commands and other information.
You are not religious.
Are you sure you want to abandon this character and quit the game? (Confirm with "yes".)

######### ###
#.......##################..
#...)...'..#....#.....#..#..
#.......#..@....#.....'..#..
#.......###########'###'##..
#...........................
#...........................
#...........................
#..[........................
#.......##'######'##########
#.......#..#.........#......
#.......'..#.........#......


There were no monsters in sight!

Vanquished Creatures
  Erica (D:9)
  Prince Ribbit (D:5)
  10 yaks (D:8)
  A wyvern (D:8)
  A steam dragon (D:9)
  Menkaure (D:5)
  A water moccasin (D:7)
  An orc warrior (D:7)
  3 black bears
  An ogre (D:6)
  5 phantoms
  2 kobold brigands (D:7)
  2 gnoll sergeants
  2 scorpions
  2 bullfrogs
  3 wights (D:7)
  6 killer bees (D:6)
  6 hounds
  A gnoll bouda (D:8)
  4 jellies
  7 iguanas
  3 orc wizards (D:4)
  5 mummies
  13 gnolls
  7 adders
  3 shadow imps
  A white imp (D:7)
  2 ufetubi (D:7)
  A worm (D:2)
  5 dart slugs
  11 orcs
  6 bats
  9 endoplasms
  6 giant cockroaches (D:2)
  5 goblins
  8 hobgoblins
  14 kobolds
  2 quokkas (D:4)
  9 ball pythons
  5 frilled lizards
  5 gnoll skeletons (Ossuary)
  9 gnoll zombies (Ossuary)
  4 goblin skeletons (Ossuary)
  2 goblin zombies (Ossuary)
  8 hobgoblin skeletons (Ossuary)
  2 hobgoblin zombies (Ossuary)
  2 kobold skeletons (Ossuary)
  A kobold zombie (Ossuary)
  2 orc skeletons (Ossuary)
  5 orc zombies (Ossuary)
  4 rats
  4 rat skeletons (Ossuary)
  6 rat zombies (Ossuary)
230 creatures vanquished.

Notes
Turn   | Place    | Note
-------+----------+-------------------------------------------
     0 | D:1      | hellse the Deep Elf Conjurer began the quest for the Orb.
     0 | D:1      | Reached XP level 1. HP: 10/10 MP: 6/6
   131 | D:1      | Reached XP level 2. HP: 15/15 MP: 1/8
   134 | D:1      | Learned a level 2 spell: Searing Ray
   304 | D:1      | Reached skill level 5 in Conjurations
  1238 | D:2      | Reached XP level 3. HP: 19/19 MP: 4/9
  1813 | D:2      | Reached XP level 4. HP: 24/24 MP: 10/12
  2026 | D:3      | Noticed a black bear
  2032 | D:3      | Killed a black bear
  2033 | D:3      | Reached skill level 6 in Conjurations
  2033 | D:3      | Reached XP level 5. HP: 28/28 MP: 4/13
  2250 | D:3      | Learned a level 4 spell: Iskenderun's Mystic Blast
  2348 | D:3      | Found a hazy altar of Hepliaklqana.
  2349 | D:3      | Found a shadowy altar of Dithmenos.
  2349 | D:3      | Noticed a shadow
  2567 | D:3      | Found a white marble altar of Elyvilon.
  2607 | D:3      | Found a sacrificial altar of Ru.
  2763 | D:3      | Reached skill level 7 in Conjurations
  2834 | D:4      | Identified a scroll of acquirement
  2834 | D:4      | Acquired a staff of conjuration
  2873 | D:4      | Reached skill level 1 in Translocations
  2873 | D:4      | Reached XP level 6. HP: 25/32 MP: 0/14
  3414 | D:4      | Reached skill level 5 in Spellcasting
  3698 | D:4      | Found a staircase to the Ecumenical Temple.
  3709 | Temple   | Entered the Ecumenical Temple
  4408 | D:5      | Entered Level 5 of the Dungeon
  4430 | D:5      | Noticed Prince Ribbit
  4437 | D:5      | Killed Prince Ribbit
  4438 | D:5      | Reached XP level 7. HP: 36/36 MP: 7/19
  4440 | D:5      | Found an opulent altar of Gozag.
  4484 | D:5      | Found a sand-covered staircase.
  4512 | Ossuary  | Entered an ossuary
  5412 | Ossuary  | Reached skill level 1 in Fighting
  6038 | D:5      | Noticed Menkaure
  6053 | D:5      | Killed Menkaure
  6285 | D:5      | Reached XP level 8. HP: 38/48 MP: 3/20
  7097 | D:6      | Reached skill level 10 in Spellcasting
  7673 | D:6      | Found a hide-covered altar of Uskayaw.
  8306 | D:7      | Reached skill level 8 in Conjurations
  8306 | D:7      | Reached XP level 9. HP: 39/52 MP: 6/25
  8692 | D:7      | Reached skill level 9 in Conjurations
  8797 | D:7      | Found a shimmering altar of Xom.
  9117 | D:7      | Reached skill level 10 in Conjurations
 10233 | D:9      | Noticed Erica
 10237 | D:9      | Killed Erica
 10238 | D:9      | Reached skill level 11 in Conjurations
 10338 | D:9      | Reached skill level 12 in Conjurations
 10464 | D:9      | Found a large runed translucent door.
 10465 | D:9      | Found a large runed translucent door.
 10474 | D:9      | Found a glowing golden altar of the Shining One.
 10477 | D:9      | Found a broken altar of Ashenzari.
 10544 | D:8      | Reached XP level 10. HP: 56/56 MP: 15/26
 10731 | D:8      | Reached skill level 13 in Conjurations
 11384 | D:8      | Upgraded the game from 0.30-a0-639-g3916f1956a to
                  | 0.30-a0-802-gb92711bcdf
 11384 | D:8      | Quit the game

Illustrated notes

Levels and vault maps discovered:
D:1:      lightli_arrival_boilingwater, layout_basic
D:2:      layout_rooms, minmay_worlds_worst_comb
D:3:      layout_basic, riverfiend_overflow_shadow_ancestor,
          mainiacjoe_overflow_two_lobes
D:4:      layout_basic, minmay_temple_entry_statues
D:5:      layout_loops_ring, grunt_gozag_statues, gup_ossuary_entry_pyramid,
          minmay_manual_monolith, uniq_menkaure, uniq_prince_ribbit1
D:6:      layout_basic, kennysheep_little_box, grunt_ministairs_14
D:7:      layout_cave_pools, xom_butterflies, minmay_between
D:8:      layout_gridville
D:9:      layout_gridville, jmf_multi_god_temple2, uniq_erica
Temple:   nicolae_temple_cloud_nine

Skill      XL: |  1  2  3  4  5  6  7  8  9 10 |
---------------+-------------------------------+-----
Conjurations   | 5 6 7 8 12 13 | 13.5
Spellcasting   | 4 7 10 | 10.7
Translocations | 1 2 |  2.8
Fighting       | 4 |  4.4
Dodging        | 3 |  3.2
Stealth        | |  2.4

Action                     |  1- 3 |  4- 6 |  7- 9 | 10-12 || total
---------------------------+-------+-------+-------+-------++-------
  Melee: Staff             |       |     6 |     2 |       ||     8
   Cast: Magic Dart        |    72 |    75 |    45 |       ||   192
         Searing Ray       |     1 |    10 |    97 |     4 ||   112
         Iskenderun's Myst |       |     1 |    22 |    12 ||    35
  Evoke: Wand              |       |       |     2 |       ||     2
    Use: Scroll            |       |     6 |     5 |       ||    11
 Armour: Robe              |       |     8 |    14 |     1 ||    23
  Dodge: Dodged            |     2 |     5 |    50 |     7 ||    64

Table legend: (Time is in decaauts)
 A = Elapsed time spent in this place.
 B = Non-inter-level travel time spent in this place.
 C = Inter-level travel time spent in this place.
 D = Time resting spent in this place.
 E = Time spent auto-exploring this place.
 F = Levels seen in this place.
 G = Mean time per level.
                   A        B        C        D        E       F      G
               +--------+--------+--------+--------+--------+-----+--------+
         Total |  11384 |  10662 |    722 |   2880 |   6305 |  11 | 1034.9 |
       Dungeon |   9925 |   9208 |    717 |   1895 |   6135 |   9 | 1102.8 |
        Temple |     48 |     43 |      5 |      0 |     40 |   1 |   48.0 |
       Ossuary |   1410 |   1410 |      0 |    985 |    130 |   1 | 1410.0 |
               +--------+--------+--------+--------+--------+-----+--------+

Top non-repeatable levels by time:
     D:6: 1562 daAuts
 Ossuary: 1410 daAuts
     D:7: 1332 daAuts
     D:3: 1310 daAuts
     D:8: 1290 daAuts
     D:1: 1234 daAuts
     D:5: 1085 daAuts
     D:4: 1032 daAuts
     D:2: 783 daAuts
     D:9: 292 daAuts
  Temple: 48 daAuts
